Map: Dusk Towers

Players

Scytherino - Winner!

  • Race: Terran Terran
  • League: Grandmaster

MagicRover

  • Race: Protoss Protoss
  • League: Master

Event: Gauntlet LotV Series 1 Qualifier 2

VOD

Have the link to the VOD?

Description

Time

  • Played on: Dec. 5, 2015, 1:40 p.m.
  • Length: 8:33

All games in this series

Show
View Real Time Build Order
Export as new Build Order

Scytherino Terran - Winner!

Build Orders:  

Get SALT Encoding   

  12  0:00  SCV  
  13  0:13  SCV  
  14  0:17  Supply Depot  
  14  0:25  SCV  
  15  0:39  SCV  
  15  0:40  Barracks  
  16  0:45  Refinery  
  16  0:51  SCV  
  17  1:03  SCV  
  18  1:18  SCV  
  19  1:30  Orbital Command  
  19  1:31  Barracks Reactor  
  19  1:43  Command Center  
  19  1:54  Supply Depot  
  19  1:56  SCV  
  20  2:07  Marine x2  
  23  2:08  SCV  
  23  2:11  Factory  
  23  2:20  SCV  
  24  2:24  Marine  
  24  2:25  Marine  
  26  2:31  Supply Depot  
  26  2:32  SCV  
  27  2:42  Marine  
  27  2:43  Marine  
  29  2:45  SCV  
  30  2:55  Factory Tech Lab  
  30  2:56  Orbital Command  
  30  2:58  SCV  
  30  3:00  Marine x2  
  32  3:10  SCV  
  33  3:14  Cyclone, Engineering Bay  
  33  3:18  Marine x2  
  35  3:29  SCV  
  36  3:36  Marine x2  
  36  3:40  Missile Turret  
  38  3:46  Widow Mine  
  40  3:54  Marine x2  
  42  4:01  SCV  
  43  4:05  Barracks  
  43  4:11  Marine  
  43  4:12  Marine  
  42  4:27  Widow Mine  
  42  4:29  Marine x2  
  40  4:41  Bunker x2  
  40  4:42  Bunker  
  40  4:47  Marine x2  
  40  4:55  Widow Mine  
  41  5:03  Marine  
  41  5:05  Marine x2  
  41  5:21  Marine  
  41  5:30  Widow Mine  
  41  5:31  Bunker, Marine x2  
  41  5:32  Bunker  
  41  5:33  SCV  
  46  5:35  Barracks  
  46  5:40  Marine  
  47  5:43  SCV  
  47  5:49  Marine  
  49  5:50  Marine  
  50  5:57  Marine  
  48  6:05  SCV  
  48  6:07  Marine  
  48  6:10  Marine  
  51  6:16  Marine  
  52  6:23  Supply Depot  
  52  6:25  Supply Depot, Marine  
  53  6:26  Starport  
  53  6:31  Marine  
  53  6:35  Combat Shields  
  53  6:36  Widow Mine, Marine x2  
  53  6:37  SCV x2  
  59  6:43  Missile Turret  
  57  6:49  SCV  
  57  6:50  Marine  
  59  6:55  Marine  
  59  6:57  Marine  
  59  6:58  Supply Depot  
  59  6:59  Supply Depot  
  61  7:13  Marine  
  62  7:19  Marine, Medivac, Widow Mine  
  62  7:20  Barracks  
  62  7:22  Barracks  
  67  7:31  Marine  
  67  7:36  Marine  
  69  7:37  Marine  
  70  7:47  Widow Mine  
  70  7:49  Marine  
  73  7:54  Marine  
  74  8:01  Bunker  
  74  8:03  Viking, Marine  
  77  8:07  Marine  
Show
View Real Time Build Order
Export as new Build Order

MagicRover Protoss 

Build Orders: Oracle Opening 

Get SALT Encoding   

  12  0:01  Probe (Chrono Boost)  
  13  0:11  Probe (Chrono Boost)  
  14  0:18  Pylon  
  14  0:22  Probe (Chrono Boost)  
  15  0:36  Probe (Chrono Boost)  
  15  0:38  Gateway  
  15  0:41  Assimilator  
  16  0:47  Probe (Chrono Boost)  
  17  0:53  Assimilator  
  17  0:57  Probe (Chrono Boost)  
  18  1:08  Probe (Chrono Boost)  
  19  1:11  Pylon  
  19  1:18  Probe (Chrono Boost)  
  19  1:25  Cybernetics Core  
  20  1:29  Pylon  
  20  1:33  Probe (Chrono Boost)  
  21  1:43  Probe (Chrono Boost)  
  22  1:54  Probe (Chrono Boost)  
  23  2:01  Stargate  
  23  2:02  Adept (Chrono Boost)  
  23  2:03  Warp Gate (Chrono Boost)  
  23  2:08  Probe  
  26  2:17  Gateway  
  26  2:23  Mothership Core  
  28  2:37  Gateway  
  28  2:44  Oracle (Chrono Boost)  
  31  2:54  Pylon  
  31  2:59  Pylon  
  31  3:16  Void Ray (Chrono Boost)  
  35  3:33  Gateway  
  35  3:54  Void Ray (Chrono Boost)  
  39  3:56  Pylon  
  39  4:04  Stalker x2  
  39  4:06  Stalker  
  45  4:31  Adept x4  
  48  4:58  Void Ray (Chrono Boost)  
  51  5:00  Adept  
  51  5:01  Zealot  
  51  5:07  Probe  
  36  5:29  Probe  
  36  5:30  Adept  
  38  5:41  Probe  
  39  5:44  Adept x2  
  43  5:53  Probe  
  44  5:59  Oracle (Chrono Boost)  
  47  6:07  Probe  
  48  6:17  Sentry  
  50  6:19  Probe  
  50  6:22  Adept  
  53  6:31  Probe  
  54  6:50  Probe  
  55  6:57  Stalker x2, Zealot  
  61  7:02  Probe  
  62  7:15  Probe  
  62  7:17  Pylon  
  63  7:38  Stalker x2, Sentry  
  63  7:39  Sentry  
  59  8:00  Adept  
  59  8:01  Adept  
  63  8:08  Adept  
  63  8:11  Sentry  
Tags
 
Add a new tag
Caveats
  • Supply blocks, unpowered buildings, or Contaminate may cause inaccurate times.
  • Supply counts are checked every 10 seconds.